 Dungeon Crawl Stone Soup version 0.31.0-11-ge490571c62 (webtiles) character file.

Game seed: 7171600882005454388

414 Goncyn the Covered (level 6, -8/84 HPs)
             Began as a Minotaur Fighter on Jan 31, 2024.
             Mangled by an ogre
             ... wielding a +0 giant club
              (13 damage)
             ... on level 5 of the Dungeon on Feb 1, 2024.
             The game lasted 00:14:37 (3129 turns).

Goncyn the Covered (Minotaur Fighter)               Turns: 3129, Time: 00:14:38

Health: -8/84      AC: 23    Str: 23    XL:     6   Next: 60%
Magic:  5/5        EV:  2    Int:  5    God:
Gold:   238        SH:  4    Dex:  9    Spells: 5/5 levels left

rFire   . . .        a - +0 war axe
rCold   + . .        c - +0 buckler
rNeg    . . .        b - melded +0 scale mail
rPois   +            (helmet currently unavailable)
rElec   .            (cloak currently unavailable)
rCorr   .            (gloves currently unavailable)
SInv    .            (boots currently unavailable)
Will    .....        (no amulet)
Stlth   +            k - ring of protection from cold
HPRegen 0.34/turn    o - ring of flight
MPRegen 0.09/turn

%: no passive effects
@: tree-form, weakened
A: stationary, stasis, torment immunity, boosted hp, (horns 2), (retaliatory
headbutt)
a: no special abilities


You were on level 5 of the Dungeon.
You were a tree.
You visited 2 branches of the dungeon, and saw 6 of its levels.

You collected 238 gold pieces.

Inventory:

Hand Weapons
 a - a +0 war axe (weapon)
Missiles
 e - 34 stones (quivered)
 n - 2 curare-tipped darts
 r - 5 datura-tipped darts
Armour
 b - a +0 scale mail (melded)
 c - a +0 buckler (worn)
Jewellery
 k - a ring of protection from cold (left branch)
 o - a ring of flight (right branch)
Wands
 s - a wand of charming (4)
Scrolls
 g - a scroll of teleportation {unknown}
 i - 2 scrolls of fog
 j - a scroll of vulnerability {unknown}
 m - a scroll of noise {unknown}
 p - a scroll of immolation {unknown}
 q - a scroll of blinking {unknown}
Potions
 d - 2 potions of might
 f - 3 potions of enlightenment
 h - a potion of brilliance


   Skills:
 * Level 5.3 Fighting
 * Level 4.4 Axes
 + Level 1.6 Throwing
 * Level 5.4 Armour
 * Level 5.3 Shields


You had 5 spell levels left.
You didn't know any spells.
Your spell library contained the following spells:

 Spells                   Type           Power      Damage    Failure   Level
 Magic Dart               Conj           0%         1d3       54%         1
 Blink                    Tloc           0%         N/A       67%         2
 Call Imp                 Summ           0%         N/A       67%         2
 Lesser Beckoning         Tloc           0%         N/A       67%         2
 Momentum Strike          Conj/Tloc      0%         3d8       67%         2


Dungeon Overview and Level Annotations

Branches:
Dungeon (5/15)             Temple (1/1) D:4

Altars:
Fedhas
Gozag
Makhleb
Ru
Trog
Vehumet
Xom
Yredelemnul
Zin
The Shining One

Shops:
D:1 *


Innate Abilities, Weirdness & Mutations

You are a tree.
Your roots penetrate the ground, keeping you stationary.
You cannot be teleported.
You are immune to unholy pain and torment.
Your maximum health is greatly increased.
Your equipment is partially melded.
((You have a pair of horns on your head.))
((You reflexively headbutt those who attack you in melee.))


Message History

The ogre shouts!
You slash the water moccasin!
You kill the water moccasin!
You closely miss the shadow imp.
You feel sick. You block the shadow imp's attack.
A gnoll comes into view. It is wielding a +0 whip.
Okay, then.
You are too injured to fight recklessly!
Throw: 35 stones
Press: ? - help, Q - select action, (/) - cycle Shift-Dir - straight line, f - shadow imp
Aim: a shadow imp (47% to hit)
Okay, then.
You slash the shadow imp!
You kill the shadow imp!
You feel sick.
Throw: 35 stones
Press: ? - help, Q - select action, (/) - cycle Shift-Dir - straight line, f - gnoll bouda
Aim: a gnoll bouda, wielding a +0 whip and wearing a +0 leather armour (56% to hit)
You throw a stone.
The stone hits the gnoll bouda but does no damage.
You feel sick.
You hit the gnoll bouda.
The gnoll bouda is moderately wounded.
You feel sick.
The gnoll bouda hits you but does no damage.
You barely miss the gnoll bouda.
The gnoll bouda is moderately wounded.
You feel sick.
You are no longer poisoned.
The gnoll bouda hits you but does no damage.
You block the gnoll's attack.
You barely miss the gnoll bouda.
The gnoll bouda is moderately wounded.
You hit the gnoll. The gnoll bouda completely misses you.
The gnoll hits you but does no damage.
The gnoll bouda gazes fiercely through you!
You feel your attacks grow feeble.
The gnoll bouda hits you but does no damage.
The ogre hits you with a +0 giant club!
You die...

.# ##.# #)..
#..# #..#
#.#####..####..
#.....Ogg.....#
#♣)# #..#####
########......#
#8..#.........#
#_............#
#8..#.........#
########.##...#
#<###### #.#


You could see an ogre, a gnoll bouda and a gnoll (swift).

Vanquished Creatures
  A water moccasin (D:5)
  A scorpion (D:4)
  A hound (D:4)
  An orc wizard (D:4)
  5 gnolls
  4 adders
  A shadow imp (D:5)
  A ribbon worm (D:2)
  4 dart slugs
  6 orcs (D:4)
  7 ball pythons
  11 endoplasms
  4 giant cockroaches
  7 hobgoblins
  4 jackals (D:3)
  3 quokkas
  11 bats
  6 frilled lizards
  4 goblins
  6 kobolds
  3 rats
91 creatures vanquished.

Notes
Turn   | Place    | Note
-------+----------+-------------------------------------------
     0 | D:1      | Goncyn the Minotaur Fighter began the quest for the Orb.
     0 | D:1      | Reached XP level 1. HP: 19/19 MP: 0/0
   135 | D:1      | Reached XP level 2. HP: 27/27 MP: 1/1
   482 | D:1      | Found Muagueha's Assorted Antiques.
   789 | D:2      | Reached XP level 3. HP: 33/33 MP: 2/2
  1233 | D:2      | Reached XP level 4. HP: 41/41 MP: 3/3
  2103 | D:3      | Found a glowing silver altar of Zin.
  2133 | D:3      | Found a basalt altar of Yredelemnul.
  2287 | D:4      | Reached XP level 5. HP: 47/47 MP: 4/4
  2306 | D:4      | Reached skill level 1 in Throwing
  2382 | D:4      | Found a staircase to the Ecumenical Temple.
  2391 | Temple   | Entered the Ecumenical Temple
  2484 | D:4      | Reached skill level 5 in Armour
  2711 | D:4      | Reached skill level 5 in Fighting
  2836 | D:4      | Reached skill level 5 in Shields
  2839 | D:4      | Reached XP level 6. HP: 33/56 MP: 5/5
  2989 | D:4      | Found a sacrificial altar of Ru.
  3083 | D:5      | Entered Level 5 of the Dungeon
  3085 | D:5      | Found an opulent altar of Gozag.
  3117 | D:5      | Noticed a water moccasin
  3124 | D:5      | Killed a water moccasin
  3128 | D:5      | HP: 4/84 [poisoned by a water moccasin]
  3129 | D:5      | Mangled by an ogre

Illustrated notes

Levels and vault maps discovered:
D:1:      psy_arrival_conway, layout_basic, serial_shops, shop
D:2:      layout_basic, minmay_indecisive_spiral
D:3:      layout_loops_ring, mainiacjoe_overflow_two_lobes
D:4:      layout_cave_pools, hangedman_ru_absence, temple_fountains
D:5:      lemuel_insect_pit, layout_loops_ring, nicolae_sif_muna_condensation,
          lemuel_crystal_altar, mainiacjoe_overflow_paths,
          grunt_gozag_breadcrumbs, uniq_blork_the_orc
Temple:   hellmonk_temple_two_chambers

Skill      XL: |  1  2  3  4  5 |
---------------+----------------+-----
Shields        | 4 5 |  5.3
Armour         | 4 5 |  5.4
Fighting       | 4 5 |  5.3
Axes           | 3 4 |  4.4
Throwing       | 1 |  1.6

Action                     |  1- 3 |  4- 6 || total
---------------------------+-------+-------++-------
  Melee: War axe           |    78 |   115 ||   193
         Headbutt          |    10 |    12 ||    22
  Throw: Stone             |     4 |     7 ||    11
         Dart              |       |     1 ||     1
    Use: Scroll            |       |     3 ||     3
         Potion            |       |     1 ||     1
 Armour: Scale mail        |    54 |    80 ||   134
         Skin              |       |     7 ||     7
  Dodge: Dodged            |    24 |    45 ||    69
  Block: Buckler           |    15 |    30 ||    45
